[Event "Early-Titled-Tuesday-Blitz-February-20-2024"]
[Site "Chess.com"]
[Date "2024.02.20"]
[Round "6"]
[White "IM_ArthurDW08"]
[Black "Zhigalko_Sergei"]
[Result "1-0"]
[WhiteElo "2790"]
[BlackElo "2923"]
[TimeControl "180+1"]
[EndTime "9:07:45 PST"]
[Termination "IM_ArthurDW08 won on time"]

1. e4 c5 2. Nf3 Nc6 3. Bc4 Nf6 4. Nc3 e6 5. O-O d5 6. exd5 exd5 7. Bb5 d4 8. Re1+ Be7 9. Ne4 Nxe4 10. Rxe4 O-O 11. Bxc6 bxc6 12. d3 Bf5 13. Re1 Bd6 14. h3 h6 15. Nd2 Bc7 16. Ne4 Re8 17. Qf3 Bxe4 18. Rxe4 Rxe4 19. Qxe4 Qd6 20. g3 Qd7 21. Bf4 Re8 22.
Qf3 Bxf4 23. Qxf4 Qxh3 24. Qd6 Qf5 25. Qxc6 Re2 26. Rf1 Rxc2 27. b4 c4 28. dxc4 d3 29.
Qa8+ Kh7 30. Qxa7 Qe4 31. b5 d2 32. Qd7 Qe2 33. Qf5+ g6 34. Qxc2 h5 35. Qd1 1-0

[Event "Early-Titled-Tuesday-Blitz-February-20-2024"]
[Site "Chess.com"]
[Date "2024.02.20"]
[Round "6"]
[White "bazar-wokzal"]
[Black "alpope"]
[Result "1-0"]
[WhiteElo "2688"]
[BlackElo "2507"]
[TimeControl "180+1"]
[EndTime "9:07:46 PST"]
[Termination "bazar-wokzal won by resignation"]

1. e4 g6 2. Nc3 Bg7 3. h4 h6 4.
d4 d6 5. h5 g5 6. f4 gxf4 7.
Bxf4 Nc6 8. d5 Ne5 9. Nf3 Bg4 10. Be2 Nd7 11. Qd2 c5 12. O-O-O Qa5 13. Kb1 Ngf6 14. Nh4 Bxe2 15. Qxe2 Ng8 16. Rh3 Ne5 17. Nf5 Bf6 18. Qb5+ Qxb5 19. Nxb5 Kd7 20. a4 a6 21. Na3 Rb8 22. Rb3 Bg5 23. Bxe5 dxe5 24. Nc4 f6 25.
Nb6+ Ke8 26. d6 exd6 27. Nxd6+ Ke7 28. Nf5+ Ke8 29. Rd7 1-0

[Event "Early-Titled-Tuesday-Blitz-February-20-2024"]
[Site "Chess.com"]
[Date "2024.02.20"]
[Round "6"]
[White "A-Fier"]
[Black "Njal28"]
[Result "0-1"]
[WhiteElo "2818"]
[BlackElo "2993"]
[TimeControl "180+1"]
[EndTime "9:07:50 PST"]
[Termination "Njal28 won by resignation"]

1. d4 Nc6 2. d5 Ne5 3. e4 e6 4.
f4 Ng6 5. dxe6 fxe6 6. Nf3 Nf6 7.
Nc3 Bb4 8. Bd3 O-O 9. O-O d6 10. Kh1 Kh8 11. Bd2 Bd7 12. Qe1 e5 13. f5 Ne7 14.
Qh4 Bxc3 15. Bxc3 Qe8 16. Rae1 Qh5 17. Qg3 Bc6 18. Ng5 Qg4 19. Qe3 Rae8 20. Ne6 Nxf5 21. Rxf5 Rxe6 22. h3 Qg6 23. Ref1 Ree8 24. Be1 Nd7 25.
Qe2 Rxf5 26. exf5 Qf7 27. c4 Nf6 28. b4 b6 29. Bc3 Nh5 30. Kh2 Nf4 31. Qe3 Nxg2 32.
Qg3 Nf4 33. Bd2 Nxd3 34. Qxd3 Rf8 35. Bg5 Qh5 36. Qg3 h6 0-1

[Event "Early-Titled-Tuesday-Blitz-February-20-2024"]
[Site "Chess.com"]
[Date "2024.02.20"]
[Round "6"]
[White "IriBu"]
[Black "emeli_chess"]
[Result "1-0"]
[WhiteElo "2591"]
[BlackElo "2418"]
[TimeControl "180+1"]
[EndTime "9:07:52 PST"]
[Termination "IriBu won by resignation"]

1. Nf3 f5 2. g3 Nf6 3. Bg2 d6 4. d4 g6 5. h4 h6 6. b3 Bg7 7. Bb2 c6 8. c4 Be6 9. Qc2 Bf7 10. Nc3 Nbd7 11. e4 fxe4 12. Nxe4 Nxe4 13. Qxe4 O-O 14. O-O e6 15. Rfe1 d5 16. Qe2 g5 17. hxg5 hxg5 18. Qe3 Bh6 19. Ne5 Nxe5 20. Qxe5 Bg7 21. Qe2 Qf6 22.
Rad1 Rae8 23. Bh3 Bh5 24. Qxh5 Qxf2+ 25. Kh1 Qxb2 26. Rxe6 Rd8 27. Re7 Qf2 28. Be6+ Rf7 29. Qxf7+ Qxf7 30. Rxf7 1-0

[Event "Early-Titled-Tuesday-Blitz-February-20-2024"]
[Site "Chess.com"]
[Date "2024.02.20"]
[Round "6"]
[White "Chessbard1972"]
[Black "SirStrateg"]
[Result "0-1"]
[WhiteElo "2470"]
[BlackElo "2653"]
[TimeControl "180+1"]
[EndTime "9:07:54 PST"]
[Termination "SirStrateg won on time"]

1. e4 d6 2. d4 Nf6 3. Nc3 c6 4. a4 Nbd7 5. f4 e5 6. Nf3 exd4 7. Nxd4 g6 8. Bc4 Bg7 9. Be3 O-O 10. O-O Re8 11. Qf3 d5 12. exd5 Nb6 13. Ba2 Nbxd5 14. Nxd5 Nxd5 15. Bf2 Nb4 16. Bxf7+ Kxf7 17. f5 Bxd4 18.
fxg6+ Kxg6 19. Qg3+ Qg5 20. Qd6+ Re6 21. Qxd4 Nd5 22.
Rae1 Rxe1 23. Rxe1 Bf5 24. c4 Nf6 25. Bh4 c5 26.
Qf2 Qg4 27. h3 Qd4 28. Re3 Ne4 29. Qf4 Re8 30. Kh2 Qe5 31. Rg3+ Nxg3 32. Qg5+ Kf7 33. Bxg3 Qf6 34. Qh5+ Qg6 35. Qh4 b6 36. a5 Re7 37.
Qf4 Kg8 38. a6 Be4 0-1

[Event "Early-Titled-Tuesday-Blitz-February-20-2024"]
[Site "Chess.com"]
[Date "2024.02.20"]
[Round "6"]
[White "Saxar85"]
[Black "DeArron_Fox"]
[Result "1-0"]
[WhiteElo "2727"]
[BlackElo "2520"]
[TimeControl "180+1"]
[EndTime "9:07:56 PST"]
[Termination "Saxar85 won on time"]

1. e4 c5 2. Nf3 e6 3. Nc3 a6 4. g3 b5 5. Bg2 Bb7 6. d4 cxd4 7.
Nxd4 Nf6 8. a3 Qc7 9. O-O Nc6 10. Nxc6 Bxc6 11. Re1 Bc5 12. e5 Bxg2 13. Kxg2 Ng8 14. Qg4 g6 15. Bf4 Ne7 16. Ne4 Nd5 17. Bg5 O-O 18. Qh4 Qc6 19. Kg1 Rfc8 20. Rad1 Bf8 21. Rxd5 1-0

[Event "Early-Titled-Tuesday-Blitz-February-20-2024"]
[Site "Chess.com"]
[Date "2024.02.20"]
[Round "6"]
[White "Tocras"]
[Black "kpio91"]
[Result "1-0"]
[WhiteElo "2724"]
[BlackElo "2870"]
[TimeControl "180+1"]
[EndTime "9:07:57 PST"]
[Termination "Tocras won by resignation"]

1. Nc3 d5 2. d4 e6 3. Bf4 Bd6 4. e3 a6 5. Nf3 Ne7 6. Bd3 h6 7. O-O O-O 8. Re1 b5 9. Bxd6 cxd6 10. e4 dxe4 11. Nxe4 Bb7 12. a4 b4 13. Qd2 Bxe4 14. Rxe4 Nbc6 15. Rae1 Qa5 16. b3 Nd5 17. Rg4 Kh8 18. Rh4 Kg8 19. Rxh6 Rfc8 20. Rh5 Qd8 21.
Bh7+ Kf8 22. Be4 Nf6 23. Rh8+ Ng8 24. d5 exd5 25. Bxd5 Ne5 26. Bxa8 Rxa8 27. Nxe5 dxe5 28. Qxb4+ 1-0

[Event "Early-Titled-Tuesday-Blitz-February-20-2024"]
[Site "Chess.com"]
[Date "2024.02.20"]
[Round "6"]
[White "Young_Catalan_Player09"]
[Black "snowlord"]
[Result "0-1"]
[WhiteElo "2563"]
[BlackElo "2882"]
[TimeControl "180+1"]
[EndTime "9:07:57 PST"]
[Termination "snowlord won by resignation"]

1. Nf3 b6 2. e4 Bb7 3. Nc3 e6 4. a3 Nf6 5. e5 Nd5 6. Nxd5 Bxd5 7. d4 d6 8. Bd3 Nd7 9. O-O dxe5 10. dxe5 Be7 11. Bf4 O-O 12. Qe2 Nc5 13. Bc4 Bxc4 14. Qxc4 Qd5 15. Qxd5 exd5 16. Rfd1 Ne6 17. Be3 Rfd8 18.
Rd2 c5 19. c3 Rd7 20. Rad1 Rad8 21. g3 h5 22. h4 Kh7 23. Kg2 Kg6 24. b4 Kf5 25. bxc5 bxc5 26. Rb2 d4 27. cxd4 cxd4 28. Bc1 Bxa3 29. Rb3 Be7 30. Rbd3 a5 31. Bb2 a4 32.
Kf1 Rb8 33. Bxd4 Rbd8 34. Ke2 a3 35. Ke3 Nxd4 36. Nxd4+ Rxd4 37. Rxd4 Bc5 38. g4+ hxg4 0-1

[Event "Early-Titled-Tuesday-Blitz-February-20-2024"]
[Site "Chess.com"]
[Date "2024.02.20"]
[Round "6"]
[White "tarno17"]
[Black "secrethawk1"]
[Result "0-1"]
[WhiteElo "2143"]
[BlackElo "2467"]
[TimeControl "180+1"]
[EndTime "9:07:57 PST"]
[Termination "secrethawk1 won by checkmate"]

1. e4 c6 2. d4 d5 3. Nc3 dxe4 4.
Nxe4 Nf6 5. Ng3 h5 6. h4 g6 7. Nf3 Bg7 8. Be3 Nbd7 9. Qd2 b5 10. O-O-O Bb7 11. Be2 a5 12. Ne5 Nd5 13. Nxd7 Qxd7 14. Ne4 Qc7 15. Kb1 b4 16. Nc5 a4 17. Bc4 a3 18.
Bxd5 cxd5 19. Bf4 Qb6 20. Rhe1 axb2 21. Kxb2 Qxc5 22. Be5 Qa5 23. Ra1 Bxe5 24. Rxe5 Qa3+ 25. Kb1 O-O 26. Rxe7 b3 27. Rxb7 bxa2+ 28. Rxa2 Qxa2+ 29. Kc1 Qa1+ 30. Rb1 Qxb1+ 31. Kxb1 Rfb8+ 32. Kc1 Ra1# 0-1

[Event "Early-Titled-Tuesday-Blitz-February-20-2024"]
[Site "Chess.com"]
[Date "2024.02.20"]
[Round "6"]
[White "Christ_is_alive"]
[Black "GMT4114"]
[Result "0-1"]
[WhiteElo "2264"]
[BlackElo "2046"]
[TimeControl "180+1"]
[EndTime "9:07:57 PST"]
[Termination "GMT4114 won by checkmate"]

1. e4 e6 2. d4 d5 3. Nd2 h6 4. Ngf3 Nf6 5. Bd3 c5 6. e5 Nfd7 7. c3 Nc6 8. O-O g5 9. Bb5 cxd4 10. cxd4 g4 11. Bxc6 bxc6 12. Ne1 Ba6 13. Qxg4 Bxf1 14. Nxf1 c5 15. Be3 cxd4 16. Bxd4 Qg5 17. Qe2 Bg7 18. Nf3 Qg4 19. Qb5 Rb8 20. Qc6 Rg8 21. Ng3 h5 22. h3 Qg6 23. Rc1 Bh6 24. Rc3 Bf4 25. Ne1 Qb1 26. Nxh5 Qxe1# 0-1

[Event "Early-Titled-Tuesday-Blitz-February-20-2024"]
[Site "Chess.com"]
[Date "2024.02.20"]
[Round "6"]
[White "Kostya0705"]
[Black "Kotofeyca"]
[Result "1-0"]
[WhiteElo "2616"]
[BlackElo "2400"]
[TimeControl "180+1"]
[EndTime "9:07:59 PST"]
[Termination "Kostya0705 won by checkmate"]

1. e4 c5 2. Nf3 d6 3. d4 cxd4 4. Nxd4 Nf6 5. Nc3 a6 6. h4 e5 7.
Nb3 Be6 8. f4 exf4 9. Bxf4 Nc6 10. Qd2 Be7 11. O-O-O Ne5 12. Kb1 O-O 13. Be2 b5 14.
Qe3 Qc7 15. Nd5 Nxd5 16. exd5 Bf5 17. Nd4 Bd7 18. h5 Bf6 19. g4 Bxg4 20. Bxg4 Nxg4 21.
Qg3 Ne5 22. Nf5 Kh8 23. Rdf1 Qd7 24. Bg5 Bxg5 25. Nxg7 f6 26. Ne6 Rg8 27. Qf2 Rac8 28. Qf5 Qf7 29. Nxg5 Rxg5 30. Qxc8+ Rg8 31. Qe6 Qxe6 32.
dxe6 Rf8 33. Rhg1 Nc6 34. h6 f5 35. Rg7 f4 36. e7 Re8 37. Rxf4 Nxe7 38. Rxe7 Rxe7 39. Rf8# 1-0

[Event "Early-Titled-Tuesday-Blitz-February-20-2024"]
[Site "Chess.com"]
[Date "2024.02.20"]
[Round "6"]
[White "NaciSAN"]
[Black "DACF2905"]
[Result "0-1"]
[WhiteElo "2072"]
[BlackElo "2377"]
[TimeControl "180+1"]
[EndTime "9:07:59 PST"]
[Termination "DACF2905 won on time"]

1. e4 e5 2. Nf3 Nc6 3. Bb5 Nf6 4. O-O Be7 5. d3 d6 6. c3 O-O 7. h3 a6 8. Ba4 b5 9. Bc2 Nb8 10. Re1 c5 11. Nbd2 Qc7 12. Nf1 Re8 13. Ne3 g6 14. Bb3 Bf8 15. Nd5 Nxd5 16. exd5 Nd7 17. a4 Bb7 18.
Qe2 Bg7 19. Bd2 Nf6 20. axb5 axb5 21. c4 b4 22. Ba4 Reb8 23. Bb5 Bc8 24. b3 Bd7 25.
Bxd7 Nxd7 26. Qe4 f5 27. Qe2 Rxa1 28. Rxa1 e4 29. dxe4 fxe4 30. Qxe4 Bxa1 31. Qe6+ Kg7 32. Qe7+ Kg8 33. Ng5 Bg7 34. Ne6 Bf6 35. Qxf6 Nxf6 36.
Nxc7 Rb7 37. Ne6 Ra7 38. Bf4 Ne8 39. Nd8 Ra1+ 40. Kh2 Rb1 41. Nb7 Rxb3 42. Nxd6 Nxd6 43. Bxd6 Rc3 44. Bxc5 Rxc4 45. Be7 b3 46. Ba3 Kf7 47. f3 Rd4 48. d6 Rxd6 49. Bxd6 b2 50. Bf4 b1=Q 51.
g4 Qf1 52. Kg3 Kf6 53. h4 h5 54. Bg5+ Kg7 55. Bf4 hxg4 56. fxg4 Kf6 57. Bg5+ Ke5 58. Bh6 Ke4 0-1

[Event "Early-Titled-Tuesday-Blitz-February-20-2024"]
[Site "Chess.com"]
[Date "2024.02.20"]
[Round "6"]
[White "wqws"]
[Black "JonSnowNW1"]
[Result "1-0"]
[WhiteElo "2678"]
[BlackElo "2496"]
[TimeControl "180+1"]
[EndTime "9:08:01 PST"]
[Termination "wqws won by resignation"]

1. e4 c5 2. Nf3 d6 3. d4 cxd4 4. Nxd4 Nf6 5. Nc3 a6 6. Bg5 e6 7. f4 Be7 8. Qf3 Qc7 9. O-O-O Nbd7 10. Bd3 b5 11. Rhe1 Bb7 12. Qg3 h6 13. Bxf6 Bxf6 14. Bxb5 axb5 15. Ndxb5 Qc6 16. Rxd6 Qc5 17. e5 Be7 18.
Qxg7 Rf8 19. Red1 Nb6 20. f5 Rxa2 21. Nxa2 Qxb5 22. Nc3 Qa5 23. fxe6 Qa1+ 24. Kd2 Qxb2 25. Rb1 Nc4+ 26. Kd3 Qa3 27. Rxb7 Bxd6 28. exf7+ Kd8 29. exd6 Qxd6+ 30. Qd4 Ne5+ 31. Ke4 Qxd4+ 32. Kxd4 Nxf7 33. Rb8+ Ke7 34. Nd5+ 1-0

[Event "Early-Titled-Tuesday-Blitz-February-20-2024"]
[Site "Chess.com"]
[Date "2024.02.20"]
[Round "6"]
[White "tsaruk_maks"]
[Black "Dinamo3"]
[Result "1-0"]
[WhiteElo "2748"]
[BlackElo "2532"]
[TimeControl "180+1"]
[EndTime "9:08:02 PST"]
[Termination "tsaruk_maks won by checkmate"]

1. e4 c5 2. Nf3 Nc6 3. d4 cxd4 4.
Nxd4 g6 5. Nc3 Bg7 6. Be3 Nf6 7. f3 O-O 8. Bc4 Qb6 9. Bb3 Nxe4 10. Nd5 Qa5+ 11. c3 Nc5 12. Nxc6 dxc6 13. Nxe7+ Kh8 14. Nxc8 Raxc8 15. O-O Rcd8 16. Qc2 a6 17. Bc4 Nd7 18. Rad1 Ne5 19. Bb3 Kg8 20. Qe4 Rxd1 21. Rxd1 Rd8 22. Bd4 Qc7 23. Re1 Nd7 24. Bxf7+ Kxf7 25. Qe7+ Kg8 26. Qxg7# 1-0

[Event "Early-Titled-Tuesday-Blitz-February-20-2024"]
[Site "Chess.com"]
[Date "2024.02.20"]
[Round "6"]
[White "Rud_2008"]
[Black "ImportedItalianMaple"]
[Result "1-0"]
[WhiteElo "2728"]
[BlackElo "2527"]
[TimeControl "180+1"]
[EndTime "9:08:02 PST"]
[Termination "Rud_2008 won by checkmate"]

1. e4 g6 2. d4 Bg7 3. Nf3 c6 4. Bd3 d5 5. e5 Bg4 6. h3 Bxf3 7. Qxf3 e6 8. c3 h5 9. Be3 Nd7 10. Nd2 Ne7 11. Bg5 Qb6 12. Rb1 Rc8 13. b4 Qc7 14. O-O Nf5 15. g4 Ne7 16. c4 hxg4 17. hxg4 Bxe5 18.
dxe5 Nxe5 19. Qf6 Rh7 20. Bf4 Nxg4 21. Qg5 e5 22. Qxg4 exf4 23. Nf3 Kf8 24. Rbe1 Rd8 25. c5 Rh5 26. Re2 Ng8 27. Rfe1 Nf6 28. Qg2 Kg7 29.
Re7 Rd7 30. Qxg6+ Kf8 31. Qxf7# 1-0

[Event "Early-Titled-Tuesday-Blitz-February-20-2024"]
[Site "Chess.com"]
[Date "2024.02.20"]
[Round "6"]
[White "poummba"]
[Black "ozates"]
[Result "0-1"]
[WhiteElo "2374"]
[BlackElo "2577"]
[TimeControl "180+1"]
[EndTime "9:08:02 PST"]
[Termination "ozates won on time"]

1. d4 Nf6 2. c4 e6 3. g4 d5 4. g5 Ne4 5. Bg2 Bb4+ 6. Kf1 O-O 7. h4 f5 8. c5 c6 9. Rh3 e5 10. f3 exd4 11. Qa4 a5 12. a3 d3 13. axb4 dxe2+ 14. Nxe2 f4 15. fxe4 Bxh3 16. Bxh3 f3 17. Nf4 dxe4 18.
Qb3+ Kh8 19. Ne6 Qc8 20. Nc3 Na6 21. Nxe4 Nxb4 22. Nd6 Qd7 23. h5 Nd5 24. h6 gxh6 25.
Qc4 hxg5 26. Bxg5 Rg8 27. Qd4+ Rg7 28. Bf6 Nxf6 29. Qxf6 Rg8 30. Kf2 Qe7 31. Qc3 Qh4+ 32. Ke3 Qh6+ 0-1

[Event "Early-Titled-Tuesday-Blitz-February-20-2024"]
[Site "Chess.com"]
[Date "2024.02.20"]
[Round "6"]
[White "Larina_Maria"]
[Black "HittingRookBottom"]
[Result "1-0"]
[WhiteElo "2284"]
[BlackElo "2033"]
[TimeControl "180+1"]
[EndTime "9:08:02 PST"]
[Termination "Larina_Maria won by checkmate"]

1. e4 c6 2. d4 d5 3. f3 dxe4 4. fxe4 e5 5. Nf3 exd4 6. Bc4 Bg4 7. Bxf7+ Kxf7 8. Ne5+ Ke8 9. Nxg4 Nf6 10. O-O Be7 11. e5 Nxg4 12. Qxg4 Rf8 13. Qxg7 d3 14. Rxf8+ Bxf8 15. Qxh7 Qb6+ 16. Kh1 Qf2 17. Qh5+ Kd8 18. Bg5+ Kc7 19.
Nc3 dxc2 20. Ne4 Qd4 21. Nc3 Nd7 22. e6 Ne5 23. Qh7+ Kb6 24. Qxc2 Ng4 25. Rf1 Bd6 26. Ne4 Bxh2 27. Qb3+ Kc7 28. Rf7+ Kc8 29. Qxb7# 1-0

[Event "Early-Titled-Tuesday-Blitz-February-20-2024"]
[Site "Chess.com"]
[Date "2024.02.20"]
[Round "6"]
[White "Durarbayli"]
[Black "LyonBeast"]
[Result "1-0"]
[WhiteElo "2990"]
[BlackElo "3171"]
[TimeControl "180+1"]
[EndTime "9:08:03 PST"]
[Termination "Durarbayli won by resignation"]

1. e4 c6 2. d4 d5 3. exd5 cxd5 4. c4 Nf6 5. Nc3 Nc6 6. Nf3 Bg4 7. cxd5 Nxd5 8.
Qb3 Bxf3 9. gxf3 e6 10. Qxb7 Nxd4 11. Bb5+ Nxb5 12. Qc6+ Ke7 13. Qc5+ Qd6 14. Nxd5+ exd5 15. Qxb5 Rb8 16. Qd3 f6 17. O-O Kf7 18. Rd1 Rd8 19. Be3 Rd7 20. Rac1 Qb8 21. Qf5 Qb7 22. Rc3 g6 23. Qc2 Bd6 24. Kg2 Rhd8 25. Rb3 Qa8 26. Rb5 Be5 27. Bc5 Kg7 28. b4 h5 29. Ra5 h4 30. h3 Rh8 31. Qa4 Qc8 32. Rxa7 Rxa7 33.
Qxa7+ Kh6 34. Rxd5 Qf5 35. Qd7 Qc2 36. Qe6 Qf5 37.
Qxf5 gxf5 38. a4 Kg5 39. a5 Rg8 40. Kf1 Kf4 41. Ke2 1-0

[Event "Early-Titled-Tuesday-Blitz-February-20-2024"]
[Site "Chess.com"]
[Date "2024.02.20"]
[Round "6"]
[White "TioCridineno"]
[Black "Joachim100x"]
[Result "0-1"]
[WhiteElo "2396"]
[BlackElo "2309"]
[TimeControl "180+1"]
[EndTime "9:08:10 PST"]
[Termination "Joachim100x won by resignation"]

1. e4 c5 2. Nf3 e6 3. c3 d5 4. exd5 Qxd5 5. d4 Nc6 6. Na3 Nf6 7. Nb5 Qd8 8. Be3 cxd4 9. Nbxd4 Nd5 10. Nxc6 bxc6 11.
Bd4 c5 12. Be5 Qb6 13. Qc2 f6 14. Bg3 Bd6 15. Bc4 O-O 16. O-O Bb7 17. Rfe1 Bxg3 18.
hxg3 Rae8 19. Rad1 Kh8 20. Qb3 Qc7 21. Bb5 Re7 22. a4 Rd8 23. Qa3 a5 24. Qb3 g5 25.
Qc4 Kg7 26. Qg4 Bc8 27. Qh5 h6 28. Bd3 f5 29. g4 Nf6 30. Qh2 Nxg4 31. Qxc7 Rxc7 32.
Be2 Rxd1 33. Rxd1 Rd7 34. Re1 Kf6 35. Bc4 Rd6 36. g3 Bd7 37. Re2 Bxa4 38. Nd2 Bc6 39.
f3 Ne5 40. Kf2 Rxd2 41. Rxd2 Nxc4 42. Re2 a4 43. f4 g4 44. Ke1 e5 45. fxe5+ Nxe5 46. Kd2 Be4 47. Ke3 Kg5 48. Rd2 Nc4+ 0-1

[Event "Early-Titled-Tuesday-Blitz-February-20-2024"]
[Site "Chess.com"]
[Date "2024.02.20"]
[Round "6"]
[White "ChessArchitect64"]
[Black "SahibSinghKnight"]
[Result "1-0"]
[WhiteElo "2242"]
[BlackElo "2571"]
[TimeControl "180+1"]
[EndTime "9:08:11 PST"]
[Termination "ChessArchitect64 won on time"]

1. d4 d5 2. Nf3 e6 3. e3 Bd6 4. Bd3 f5 5. c4 c6 6. Nc3 Nf6 7. Bd2 Ne4 8. Qc2 O-O 9. Rf1 a6 10.
O-O-O b5 11. c5 Bc7 12. Ne2 a5 13. Ne1 Nxd2 14. Qxd2 a4 15. f4 Ba5 16. Qc2 Na6 17. Nf3 Nb4 18. Qb1 Nxd3+ 19. Qxd3 b4 20. Qb1 Ba6 21.
Rf2 b3 22. a3 Qc7 23. Ne5 g6 24. g4 fxg4 25. Rg1 Rf5 26. Rxg4 Bxe2 27. Rxe2 Qg7 28.
Reg2 Rf6 29. h4 Qh6 30. Nxg6 hxg6 31. Rxg6+ Kf7 32. Rxh6 Rxh6 33. f5 e5 34. dxe5 Rxh4 35. Rg1 Rg8 36. e6+ Kf6 37. Rf1 Rc4+ 38. Kd1 Rg2 39.
Qd3 Rd2+ 40. Qxd2 Bxd2 41. Kxd2 Rc2+ 42. Kd3 Rxb2 43. Rg1 Ra2 44. Rg6+ Ke7 45. Rg7+ Kf6 46. Rf7+ Kg5 47. e7 b2 48. Kc2 1-0

[Event "Early-Titled-Tuesday-Blitz-February-20-2024"]
[Site "Chess.com"]
[Date "2024.02.20"]
[Round "6"]
[White "N4700000"]
[Black "simonachess"]
[Result "1-0"]
[WhiteElo "2466"]
[BlackElo "2297"]
[TimeControl "180+1"]
[EndTime "9:08:11 PST"]
[Termination "N4700000 won by checkmate"]

1. e4 d6 2. d4 Nf6 3. Nc3 c6 4.
f4 Qa5 5. Nf3 Nxe4 6. Bd2 Nxd2 7.
Qxd2 Bf5 8. Bd3 Bxd3 9. Qxd3 Nd7 10. O-O e6 11. Rae1 Be7 12. d5 cxd5 13. f5 O-O-O 14.
fxe6 Qb6+ 15. Kh1 fxe6 16. Nxd5 exd5 17. Rxe7 Rhf8 18. Qxd5 Ne5 19. Rxg7 h5 20. h3 Nc6 21. b3 Qe3 22. Qd3 Qe6 23. Re1 Qf6 24. Rh7 h4 25. b4 Kb8 26. b5 Ne5 27. Qd5 Nxf3 28. Qxb7# 1-0

[Event "Early-Titled-Tuesday-Blitz-February-20-2024"]
[Site "Chess.com"]
[Date "2024.02.20"]
[Round "6"]
[White "bescmelasti"]
[Black "ATM622"]
[Result "1-0"]
[WhiteElo "2646"]
[BlackElo "2493"]
[TimeControl "180+1"]
[EndTime "9:08:17 PST"]
[Termination "bescmelasti won on time"]

1. e4 c6 2. Nf3 d5 3. Nc3 dxe4 4. Nxe4 Bg4 5. Qe2 Bxf3 6. Qxf3 Nf6 7. Nxf6+ exf6 8.
c3 Bd6 9. Qe4+ Qe7 10. Qxe7+ Bxe7 11. d4 O-O 12. Bd3 Re8 13. O-O Bd6 14. Bd2 Nd7 15.
Rae1 h6 16. Rxe8+ Rxe8 17. g3 Bf8 18. Re1 Rxe1+ 19. Bxe1 g6 20. Bd2 f5 21. Bf4 Nf6 22. Bb8 a6 23. Kf1 h5 24. Ke2 Bh6 25. a4 Bc1 26. b3 Bb2 27. Kd2 Nd5 28. c4 Nb4 29. Ba7 Kg7 30. Bb1 Kf6 31. a5 c5 32. Bxc5 Nc6 33. d5 Nxa5 34. Ba2 b5 35. Bb6 Nb7 36. c5 Ke5 37. b4 Bd4 38. Bc7+ 1-0

[Event "Early-Titled-Tuesday-Blitz-February-20-2024"]
[Site "Chess.com"]
[Date "2024.02.20"]
[Round "6"]
[White "OneTrickPony_82"]
[Black "NewYearGirl"]
[Result "1-0"]
[WhiteElo "2546"]
[BlackElo "2361"]
[TimeControl "180+1"]
[EndTime "9:08:17 PST"]
[Termination "OneTrickPony_82 won by resignation"]

1. d4 Nf6 2. c4 c5 3. d5 b5 4.
cxb5 a6 5. bxa6 e6 6. Nc3 exd5 7. Nxd5 Be7 8. Nxe7 Qxe7 9. Bf4 d5 10. e3 Nxa6 11.
Nf3 O-O 12. Be2 Bf5 13. O-O Nb4 14. a3 Nc6 15. b4 c4 16. Nd4 Nxd4 17. Qxd4 Be6 18.
Bg5 h6 19. Bxf6 Qxf6 20. Qxf6 gxf6 21. a4 Rfb8 22. b5 Ra5 23. Rfb1 Rb6 24. Rb4 Kf8 25. Kf1 f5 26. Ke1 Ke7 27. Kd2 Kd6 28. Kc3 Kc5 29. Rd1 Rb8 30. Rd4 Rba8 31. Bd1 Kb6 32. Rh4 Rh8 33. g3 Ra7 34. Kd4 f6 35. Bc2 Rg7 36. Rb1 Rg4+ 37. Rxg4 fxg4 38. a5+ Kxa5 39. Kc5 Rc8+ 40. Kd6 Bg8 41. b6 d4 42. b7 Rb8 43.
exd4 c3 44. Kc7 1-0

[Event "Early-Titled-Tuesday-Blitz-February-20-2024"]
[Site "Chess.com"]
[Date "2024.02.20"]
[Round "6"]
[White "BogdanDeac"]
[Black "Eagle_2019"]
[Result "1-0"]
[WhiteElo "3051"]
[BlackElo "2883"]
[TimeControl "180+1"]
[EndTime "9:08:18 PST"]
[Termination "BogdanDeac won by resignation"]

1. d4 d5 2. Nf3 Nf6 3. Bf4 e6 4.
e3 c5 5. Nbd2 Nc6 6. c3 cxd4 7.
exd4 Nh5 8. Be3 Bd6 9. Ne5 Nf6 10.
Ndf3 O-O 11. Bd3 Qc7 12. O-O Nxe5 13. dxe5 Bxe5 14. Nxe5 Qxe5 15. Bd4 Qg5 16. f4 Qh6 17. Rf3 e5 18. fxe5 Ne4 19. Qe1 Bg4 20. Re3 Rfe8 21. c4 Rad8 22. cxd5 Ng5 23. Qg3 Bh5 24. d6 Ne6 25. Bxa7 Nf4 26. Bb5 Re6 27. Bb6 Rf8 28. Rf1 Nxg2 29. Qxg2 f5 30. Bc4 Bf7 31. Bxe6 Bxe6 32.
Rh3 1-0

[Event "Early-Titled-Tuesday-Blitz-February-20-2024"]
[Site "Chess.com"]
[Date "2024.02.20"]
[Round "6"]
[White "Vaathi_Coming"]
[Black "Maxfan2008"]
[Result "1-0"]
[WhiteElo "2901"]
[BlackElo "2565"]
[TimeControl "180+1"]
[EndTime "9:08:18 PST"]
[Termination "Vaathi_Coming won on time"]

1. Nf3 d5 2. g3 Bg4 3. Bg2 Nd7 4. d4 Ngf6 5. O-O e6 6. c4 c6 7. b3 Bd6 8. Bb2 O-O 9. Nbd2 h6 10. Ne5 Bf5 11. h3 Bh7 12. f4 a5 13.
a3 c5 14. e3 Qc7 15. Kh2 Rac8 16. Rc1 b6 17. b4 axb4 18. axb4 Ne4 19. Nxe4 Bxe4 20.
Bxe4 dxe4 21. Nxd7 Qxd7 22. dxc5 bxc5 23. bxc5 Rxc5 24. Qd4 e5 25. fxe5 Rxe5 26. c5 f6 27. Qxd6 Qa4 28. Bxe5 1-0

[Event "Early-Titled-Tuesday-Blitz-February-20-2024"]
[Site "Chess.com"]
[Date "2024.02.20"]
[Round "6"]
[White "Dixit_Nikhil"]
[Black "Al_Shima"]
[Result "1-0"]
[WhiteElo "2593"]
[BlackElo "2386"]
[TimeControl "180+1"]
[EndTime "9:08:18 PST"]
[Termination "Dixit_Nikhil won by resignation"]

1. e4 c5 2. Nf3 e6 3. d4 cxd4 4.
Nxd4 a6 5. c4 Bc5 6. Nb3 Ba7 7. Bd3 d6 8. O-O Nf6 9. Qe2 O-O 10. Nc3 Nbd7 11. Be3 b6 12. Rad1 Qc7 13. f4 Bb7 14. g4 Nc5 15. Nxc5 bxc5 16. g5 Nd7 17.
Rf3 f5 18. Rh3 g6 19. b3 Rae8 20. Bc1 e5 21. exf5 exf4 22. Qg4 Ne5 23. Qxf4 Nxd3 24. Rhxd3 Rxf5 25. Qxd6 Qf7 26. Nd5 Bxd5 27. Rxd5 Rxd5 28. Qxd5 Qxd5 29. cxd5 Kf7 30. Rf1+ Ke7 31. Re1+ Kd7 32.
Rxe8 Kxe8 33. Kg2 Kd7 34. Kf3 Kd6 35. Ke4 Bb6 36. Bf4+ Ke7 37. Be3 Kd6 38. b4 Ba7 39. bxc5+ Bxc5 40. Bxc5+ 1-0

[Event "Early-Titled-Tuesday-Blitz-February-20-2024"]
[Site "Chess.com"]
[Date "2024.02.20"]
[Round "6"]
[White "cristiano78"]
[Black "BozeKat"]
[Result "0-1"]
[WhiteElo "2272"]
[BlackElo "2135"]
[TimeControl "180+1"]
[EndTime "9:08:19 PST"]
[Termination "BozeKat won by resignation"]

1. d4 Nf6 2. c4 e6 3. Nf3 b6 4. g3 Bb7 5. Bg2 Be7 6. O-O O-O 7. Nc3 Ne4 8. Qc2 f5 9. b3 Nxc3 10. Qxc3 d6 11. a4 a5 12. Ba3 Nd7 13. Rfd1 Be4 14.
Ne1 Bxg2 15. Nxg2 Bf6 16. Nf4 Qe7 17. e3 Bg5 18. Bb2 Nf6 19. Qd3 Bxf4 20. exf4 h5 21.
Re1 Qf7 22. Re3 Rae8 23. Rae1 Re7 24. f3 Rfe8 25. d5 exd5 26. Rxe7 Rxe7 27. Rxe7 Qxe7 28. Bxf6 gxf6 29. Qxd5+ Kg7 30. Qxf5 Qe1+ 31. Kg2 Qe2+ 32. Kh3 Qxf3 33. Kh4 Qxb3 34. Kxh5 Qxc4 35. Qg6+ Kf8 36.
Qxf6+ Qf7+ 37. Kg5 Qxf6+ 38. Kxf6 b5 39. axb5 a4 40. g4 a3 41. g5 a2 42. g6 a1=Q+ 43. Ke6 Qe1+ 44. Kd7 Qe8+ 45. Kxc7 Qxb5 46. Kxd6 Kg7 47.
Ke6 Qb6+ 48. Ke5 Qxg6 49. f5 Qf6+ 50. Kf4 Kh6 0-1